 Dungeon Crawl Stone Soup version 0.26-a0-1184-g95e395e029 (webtiles) character file.

Game seed: 13971734869137202608

9482 sahdkjhfkaj the Frost Mage (level 11, -2/78 HPs)
             Began as a Human Ice Elementalist on Dec 27, 2020.
             Was an Elder of Kikubaaqudgha.
             Slain by Snorg (30 damage)
             ... on level 11 of the Dungeon.
             The game lasted 00:30:44 (15904 turns).

sahdkjhfkaj the Frost Mage (HuIE)                  Turns: 15904, Time: 00:30:45

Health: -2/78      AC:  3    Str:  9    XL:     11   Next: 75%
Magic:  14/21      EV: 12    Int: 19    God:    Kikubaaqudgha [****..]
Gold:   570        SH:  0    Dex: 13    Spells: 2/24 levels left

rFire    + . .     SeeInvis .   a - +0 dagger (elec)
rCold    + . .     Faith    .   (no shield)
rNeg     . . .     Spirit   .   E - +1 robe {rC+ rF+}
rPois    +         Reflect  .   (no helmet)
rElec    .         Harm     .   (no cloak)
rCorr    .         Rampage  .   (no gloves)
Will     .....                  (no boots)
Stlth    ++........             u - amulet of regeneration
HPRegen  0.63/turn              q - ring of poison resistance
MPRegen  0.17/turn              B - ring of wizardry

@: frozen ramparts, very slightly contaminated
A: no striking features
a: Renounce Religion, Receive Corpses


You were on level 11 of the Dungeon.
You worshipped Kikubaaqudgha.
Kikubaaqudgha was greatly pleased with you.
You visited 2 branches of the dungeon, and saw 12 of its levels.
You also visited: Bailey.

You collected 662 gold pieces.
You spent 92 gold pieces at shops.

Inventory:

Hand Weapons
 a - a +0 dagger of electrocution (weapon)
Missiles
 l - a throwing net {!f}
Armour
 E - a +1 robe of resistance (worn)
Jewellery
 q - a ring of poison resistance (left hand)
 u - an amulet of regeneration (around neck)
 B - a ring of wizardry (right hand)
 F - an uncursed ring of see invisible
Wands
 c - a wand of digging (8)
 y - a wand of random effects (15)
 z - a wand of disintegration (32)
 A - a wand of flame (14)
 C - a wand of polymorph (7)
 G - a wand of acid (4)
Scrolls
 f - 2 scrolls of identify
 g - 4 scrolls of teleportation {!r}
 h - a scroll of noise
 j - 2 scrolls of immolation
 o - 3 scrolls of fear
 r - 4 scrolls of remove curse
 s - 2 scrolls of magic mapping
 t - a scroll of enchant weapon
 x - a scroll of amnesia
Potions
 b - 4 potions of lignification
 d - 2 potions of brilliance
 e - 4 potions of haste
 i - a potion of cancellation
 k - 5 potions of curing
 m - 3 potions of heal wounds
 n - a potion of flight
 p - a potion of invisibility {unknown}
 v - a potion of magic {unknown}
 w - 3 potions of attraction
Miscellaneous
 D - a condenser vane


   Skills:
 + Level 4.9 Fighting
 - Level 1.0 Throwing
 - Level 2.0 Dodging
 - Level 3.0 Stealth
 - Level 7.0 Spellcasting
 - Level 8.0 Conjurations
 - Level 5.0 Summonings
 - Level 8.0 Necromancy
 - Level 8.0 Ice Magic
 - Level 5.0 Evocations


You had 2 spell levels left.
You knew the following spells:

 Your Spells              Type           Power        Failure   Level
a - Freeze                Ice            100%         1%          1
c - Vampiric Draining     Necr           18%          1%          3
d - Dispel Undead         Necr           37%          1%          4
e - Hailstorm             Conj/Ice       37%          1%          4
A - Summon Ice Beast      Ice/Summ       31%          2%          4
C - Frozen Ramparts       Ice            74%          1%          3
O - Ozocubu's Armour      Ice            37%          1%          3

Your spell library contained the following spells:

 Spells                   Type           Power        Failure   Level
 Pain                     Necr           100%         1%          1
 Corpse Rot               Necr/Air       N/A          1%          2
 Sublimation of Blood     Necr           18%          1%          2
 Agony                    Necr           37%          4%          5
 Excruciating Wounds      Necr           18%          4%          5
 Death Channel            Necr           18%          22%         6
 Simulacrum               Ice/Necr       18%          22%         6


Dungeon Overview and Level Annotations

Branches:
Dungeon (11/15)            Temple (1/1) D:4          Bailey (visited)
   Lair: D:8-11         Orc: D:9-12

Altars:
Ashenzari
Cheibriados
Dithmenos
Elyvilon
Fedhas
Gozag
Hepliaklqana
Kikubaaqudgha
Makhleb
Nemelex Xobeh
Okawaru
Qazlal
Ru
Sif Muna
Trog
Uskayaw
Vehumet
Wu Jian
Xom
Yredelemnul
Zin
The Shining One

Shops:
D:9 [

Annotations:
D:7 Harold
D:11 Snorg


Message History

Unknown command.
The wall freezes Snorg.
Snorg struggles against the net.
The net rips apart, and Snorg comes free!
Unknown command.
The wall freezes Snorg. x2; Snorg bites you.
Snorg claws you!! Snorg claws you!
You hear a shout!
Casting: Summon Ice Beast (dangerous; 2% risk of failure)
Confirm with . or Enter, or press ? or * to list all spells.
Aiming: Freeze (safe; 1% risk of failure)
Press: ? - help, Shift-Dir - straight line, f/p - Snorg
Aim: Snorg (moderately wounded, berserk)
You freeze Snorg!
Snorg is heavily wounded.
The wall freezes Snorg.
Snorg bites you!!
* * * LOW HITPOINT WARNING * * *
Snorg barely misses you. Snorg completely misses you.
Okay, then.
You feel much better.
The wall freezes Snorg.
Snorg bites you!!
You die...
Kikubaaqudgha rasps: "You have failed me!
Welcome... death!"

...#######.##..##. ...#
#.###..#. #... ... .....
#..# ##.## ###. #..# #.#
#. #.. #.######. #.##
##........ #.##.
##....##.###
#@##.##..#.##..# #T#
....##.#..## # #)#
#........#
###..#.#####.##....####
.......(................
######......(###..#..#..
#.##..### #.###.... #.
#...# #.# #.... .....#.#
#.# #....


You could see Snorg (berserk).

Vanquished Creatures
  A death yak (D:11)
  Maurice (D:8)
  Joseph (D:7)
  Psyche (D:11)
  A troll (D:10)
  2 yaks (D:11)
  A wraith (D:10)
  A wyvern (D:10)
  A steam dragon (D:10)
  Grum (D:9)
  A soldier ant (D:11)
  2 ice beasts
  2 orc warriors (D:8)
  2 sky beasts (D:8)
  2 black bears
  A phantom (D:7)
  An ogre (D:5)
  4 wolves (D:9)
  2 centaurs
  An elf zombie (D:8)
  5 bullfrogs
  6 scorpions
  16 killer bees
  5 wights
  2 electric eels (D:8)
  2 howler monkeys
  3 bullfrog zombies
  A hound (D:10)
  4 jellies
  A quasit (D:7)
  3 human zombies (D:8)
  3 centaur skeletons
  2 centaur zombies
  12 orc wizards
  Crazy Yiuf (D:6)
  4 orc priests
  2 human skeletons (D:8)
  A bullfrog skeleton (D:8)
  Jessica (D:2)
  2 iguanas
  7 worker ants
  4 hound skeletons
  3 mummies (D:8)
  2 worker ant zombies
  4 gnolls (D:5)
  16 adders
  2 shadow imps
  A white imp (D:9)
  2 ufetubi
  3 oozes
  An adder zombie (D:7)
  An adder skeleton (D:8)
  4 worms
  2 dart slugs
  6 leopard geckos
  42 orcs
  2 ball pythons
  6 bats
  4 giant cockroaches
  7 goblins
  12 hobgoblins
  11 jackals
  6 kobolds
  4 quokkas
  8 frilled lizards
  2 jackal skeletons
  A quokka skeleton (D:4)
  7 rats
275 creatures vanquished.

Vanquished Creatures (collateral kills)
  2 two-headed ogres
  A death yak (D:10)
  A troll (D:10)
  An acid dragon (D:11)
  A phantom (D:9)
  A hound (D:10)
  A human skeleton (D:8)
  A centaur skeleton (D:9)
  A worker ant (D:10)
  A hound skeleton (D:9)
  2 mummies (D:8)
  A white imp (D:9)
14 creatures vanquished.

Vanquished Creatures (others)
  2 orc wizards
2 creatures vanquished.

Grand Total: 291 creatures vanquished

Notes
Turn   | Place    | Note
-------+----------+-------------------------------------------
     0 | D:1      | sahdkjhfkaj the Human Ice Elementalist began the quest for
                  | the Orb.
     0 | D:1      | Reached XP level 1. HP: 13/13 MP: 3/3
   462 | D:1      | Reached XP level 2. HP: 19/19 MP: 2/5
   735 | D:1      | Reached skill level 1 in Fighting
  1459 | D:2      | Reached XP level 3. HP: 26/26 MP: 2/6
  1463 | D:2      | Learned a level 3 spell: Frozen Ramparts
  1620 | D:2      | Reached skill level 1 in Throwing
  1784 | D:2      | Reached XP level 4. HP: 15/33 MP: 0/7
  2469 | D:2      | Noticed Jessica
  2472 | D:2      | Killed Jessica
  2473 | D:2      | Reached XP level 5. HP: 36/38 MP: 3/10
  2761 | D:2      | Found an opulent altar of Gozag.
  3024 | D:3      | Learned a level 4 spell: Summon Ice Beast
  3028 | D:3      | Learned a level 3 spell: Ozocubu's Armour
  3141 | D:3      | Reached skill level 1 in Summonings
  3141 | D:3      | Reached XP level 6. HP: 44/44 MP: 0/12
  3982 | D:3      | Reached XP level 7. HP: 38/50 MP: 7/13
  4405 | D:3      | Found a blossoming altar of Fedhas.
  4650 | D:4      | Found a basalt altar of Yredelemnul.
  4651 | D:4      | Found a white marble altar of Elyvilon.
  4655 | D:4      | Found a blossoming altar of Fedhas.
  4875 | D:4      | Found a stormy altar of Qazlal.
  4896 | D:4      | Found a staircase to the Ecumenical Temple.
  4902 | Temple   | Entered the Ecumenical Temple
  5081 | Temple   | Became a worshipper of Kikubaaqudgha
  5379 | D:4      | Found a bloodstained altar of Trog.
  5419 | D:4      | Reached skill level 5 in Summonings
  5684 | D:5      | Entered Level 5 of the Dungeon
  5748 | D:5      | Reached skill level 5 in Ice Magic
  5866 | D:5      | Reached XP level 8. HP: 18/56 MP: 7/14
  5979 | D:5      | Learned a level 4 spell: Hailstorm
  6251 | D:5      | Reached * piety under Kikubaaqudgha
  6251 | D:5      | Identified Kikubaaqudgha's Papyrus of Evil Rituals
                  | (Kikubaaqudgha gifted it to you on level 5 of the Dungeon)
  6251 | D:5      | Received a gift from Kikubaaqudgha
  6282 | D:5      | Found a sacrificial altar of Ru.
  6620 | D:5      | Reached skill level 5 in Spellcasting
  6937 | D:5      | Learned a level 3 spell: Vampiric Draining
  6976 | D:5      | Noticed a rust devil
  6976 | D:5      | Noticed a rust devil
  7254 | D:6      | Reached skill level 1 in Conjurations
  7770 | D:6      | Found a runed translucent door.
  7771 | D:6      | Noticed Crazy Yiuf
  7836 | D:6      | Killed Crazy Yiuf
  7892 | D:7      | Found a shadowy altar of Dithmenos.
  7912 | D:7      | Found an iron altar of Okawaru.
  7915 | D:7      | Noticed Joseph
  7929 | D:7      | Killed Joseph
  7929 | D:7      | Reached ** piety under Kikubaaqudgha
  7930 | D:7      | Reached XP level 9. HP: 41/61 MP: 5/18
  8225 | D:7      | Reached skill level 5 in Conjurations
  8731 | D:7      | Noticed Harold
  8792 | D:7      | Found a burning altar of Makhleb.
  8792 | D:7      | Noticed a cacodemon
  8795 | D:7      | Noticed a hellwing
  9737 | D:8      | Reached XP level 10. HP: 30/67 MP: 8/19
 10186 | D:8      | Reached *** piety under Kikubaaqudgha
 10186 | D:8      | Identified Kikubaaqudgha's Disquisition on Evil
                  | (Kikubaaqudgha gifted it to you on level 8 of the Dungeon)
 10186 | D:8      | Received a gift from Kikubaaqudgha
 11013 | D:8      | Noticed a two-headed ogre
 11029 | D:8      | Killed a two-headed ogre
 11315 | D:8      | Noticed Maurice
 11324 | D:8      | Killed Maurice
 11406 | D:8      | Found a sparkling altar of Nemelex Xobeh.
 11610 | D:9      | Noticed Grum
 11618 | D:9      | Killed Grum
 11619 | D:9      | Reached skill level 5 in Necromancy
 11830 | D:9      | Found a hide-covered altar of Uskayaw.
 11849 | D:9      | Found a shimmering blue altar of Sif Muna.
 12074 | D:9      | Found a hazy altar of Hepliaklqana.
 12315 | D:9      | Learned a level 4 spell: Dispel Undead
 12493 | D:8      | Found a basalt altar of Yredelemnul.
 12573 | D:8      | Reached **** piety under Kikubaaqudgha
 12849 | D:9      | Found Suasepu's Antique Armour Emporium.
 12857 | D:9      | Bought an embroidered robe for 92 gold pieces
 12947 | D:9      | Reached skill level 1 in Evocations
 13248 | D:10     | Entered Level 10 of the Dungeon
 13251 | D:10     | Reached XP level 11. HP: 61/72 MP: 16/21
 14334 | D:10     | Found a broken altar of Ashenzari.
 14364 | D:10     | Saw a vision of the Shoals and the Spider Nest.
 14364 | D:10     | Noticed a merfolk siren
 14644 | D:11     | Noticed Psyche
 14653 | D:11     | Killed Psyche
 14836 | D:11     | Noticed a death yak
 14850 | D:11     | Killed a death yak
 14950 | D:11     | Noticed a two-headed ogre
 14956 | D:11     | Killed a two-headed ogre
 15072 | D:11     | Found a flagged portal.
 15091 | Bailey   | Entered a bailey
 15195 | D:11     | Noticed a death yak
 15196 | D:11     | Noticed a death yak
 15199 | D:11     | Noticed a death yak
 15200 | D:11     | Noticed a death yak
 15201 | D:11     | Noticed a death yak
 15202 | D:11     | Noticed a death yak
 15436 | D:10     | Killed a death yak
 15437 | D:10     | Reached skill level 5 in Evocations
 15894 | D:11     | Noticed Snorg
 15904 | D:11     | Slain by Snorg

Illustrated notes

Levels and vault maps discovered:
D:1:      shiori_shiawase, layout_loops_ring
D:2:      layout_basic, grunt_gozag_breadcrumbs, minmay_3d_cube, uniq_jessica
D:3:      layout_loops_ring, fedhas_altar_fruit_tree
D:4:      layout_gridville, marbit_many_paths, lemuel_round_altar, minitemple,
          minmay_temple_entry_gardened_gates, minmay_close_crescents
D:5:      cheibrodos_iron_armory, layout_loops_ring,
          nicolae_overflow_crystal_walls
D:6:      layout_cave_pools, uniq_crazy_yiuf_cottage
D:7:      layout_cave_pods, makhleb_altar_promises_db, general_overflow_altar,
          serial_rivers, chequers_serial_rivers_large_a,
          chequers_serial_rivers_small_3, chequers_serial_rivers_micro_d,
          chequers_serial_rivers_small_a, chequers_serial_rivers_room_b,
          chequers_serial_rivers_large_b, basic_altar, minmay_curled_crystal,
          uniq_joseph, uniq_harold
D:8:      layout_basic, kennysheep_mini, minmay_crystal_water,
          lemuel_mausoleum_altar_yredelemnul, uniq_maurice
D:9:      layout_long_grid, nzn_hepliaklqana_mist_gate, lemuel_crystal_altar,
          led_sif_book, serial_shops, shop_statue, uniq_grum
D:10:     layout_roguey, serial_rivers, chequers_serial_rivers_marsh,
          chequers_serial_rivers_micro_d, chequers_serial_rivers_small_a,
          chequers_serial_rivers_micro_a, chequers_serial_rivers_small_b,
          grunt_ashenzari_visionary [grunt_ashenzari_visionary_shoals,
          grunt_ashenzari_visionary_spider]
D:11:     layout_rooms, dpeg_lair_monsters, enter_bailey_2, uniq_snorg,
          uniq_psyche
Temple:   chequers_temple_sunken

Skill      XL: |  1  2  3  4  5  6  7  8  9 10 11 |
---------------+----------------------------------+-----
Fighting       | 1 2 4 |  4.9
Throwing       | 1 |  1.0
Stealth        | 3 |  3.0
Spellcasting   | 3 4 6 7 |  7.0
Summonings     | 1 3 5 |  5.0
Ice Magic      | 5 6 8 |  8.0
Conjurations   | 4 6 8 |  8.0
Necromancy     | 6 8 |  8.0
Evocations     | 1 5 |  5.0
Dodging        | |  2.0

Action                   |  1- 3 |  4- 6 |  7- 9 | 10-12 || total
-------------------------+-------+-------+-------+-------++-------
Melee: Unarmed           |    25 |     4 |       |     4 ||    33
       Dagger            |       |    11 |   196 |   151 ||   358
Throw: Throwing net      |       |       |       |     1 ||     1
 Cast: Freeze            |    43 |    71 |    96 |    58 ||   268
       Frozen Ramparts   |     2 |    14 |    19 |    24 ||    59
       Hailstorm         |       |       |     7 |    24 ||    31
       Summon Ice Beast  |       |       |     5 |    38 ||    43
       Ozocubu's Armour  |       |       |     7 |     6 ||    13
       Dispel Undead     |       |       |       |    27 ||    27
       Vampiric Draining |       |       |       |     7 ||     7
Evoke: Wand              |       |       |       |     4 ||     4
  Use: Scroll            |     2 |     5 |     9 |     3 ||    19
       Potion            |       |       |     1 |     1 ||     2
 Stab: Sleeping          |       |       |     5 |     5 ||    10
       Distracted        |       |       |     1 |     1 ||     2
Armor: Robe              |    20 |     5 |    47 |    37 ||   109
Dodge: Dodged            |    39 |    36 |   187 |   146 ||   408

Table legend: (Time is in decaauts)
 A = Elapsed time spent in this place.
 B = Non-inter-level travel time spent in this place.
 C = Inter-level travel time spent in this place.
 D = Time resting spent in this place.
 E = Time spent auto-exploring this place.
 F = Levels seen in this place.
 G = Mean time per level.
                   A        B        C        D        E       F      G
               +--------+--------+--------+--------+--------+-----+--------+
         Total |  16018 |  15010 |   1008 |    599 |  12073 |  13 | 1232.2 |
       Dungeon |  15782 |  14807 |    975 |    599 |  11875 |  11 | 1434.7 |
        Temple |    233 |    201 |     32 |      0 |    198 |   1 |  233.0 |
        Bailey |      2 |      2 |      0 |      0 |      0 |   1 |    2.0 |
               +--------+--------+--------+--------+--------+-----+--------+

Top non-repeatable levels by time:
     D:8: 2656 daAuts
     D:2: 1974 daAuts
     D:9: 1645 daAuts
     D:3: 1617 daAuts
    D:10: 1295 daAuts
     D:7: 1285 daAuts
     D:5: 1234 daAuts
    D:11: 1112 daAuts
     D:6: 1052 daAuts
     D:1: 1030 daAuts
     D:4: 879 daAuts
  Temple: 233 daAuts
  Bailey: 2 daAuts
